 Dungeon Crawl Stone Soup version 0.18-b1-10-g3f7de93 (webtiles) character file.

109262 Chiseanne the Nimble (level 16, -3/167 HPs)
             Began as a Troll Monk on Apr 28, 2016.
             Was a High Priest of Okawaru.
             Slain by Mara (illusionary)
             ... wielding a +0 demon whip of electrocution
              (20 damage)
             ... on level 3 of the Swamp on Apr 29, 2016.
             The game lasted 03:07:40 (26670 turns).

Chiseanne the Nimble (Troll Monk)                  Turns: 26670, Time: 03:07:40

Health: -3/167     AC: 18    Str: 23    XL:     16   Next: 4%
Magic:  18/22      EV: 19    Int:  6    God:    Okawaru [*****.]
Gold:   971        SH:  0    Dex: 17    Spells: 5 memorised, 5 levels left

rFire  + . .     SeeInvis .     a - +4 giant spiked club
rCold  + . .     Gourm    +     X - +2 robe {rC+ rF+} {god gift}
rNeg   . . .     Faith    .     (shield currently unavailable)
rPois  +         Spirit   .     c - +2 hat
rElec  .         Dismiss  .     o - +2 cloak {rPois}
rCorr  .         Reflect  .     (gloves unavailable)
SustAt .         Harm     .     (boots unavailable)
MR     ++...                    u - amulet of regeneration
Stlth  +++.......               O - ring of protection from magic
                                m - +6 ring of protection

@: about to teleport, finesse, studying Stealth, very resistant to hostile
enchantments, fairly stealthy
A: unfitting armour, claws 3, fast metabolism 3, gourmand, regeneration 2,
shaggy fur 1, tough skin 2
a: Heroism, Finesse, Renounce Religion


You were on level 3 of the Swamp.
You worshipped Okawaru.
Okawaru was extremely pleased with you.
You were very full.

You visited 5 branches of the dungeon, and saw 29 of its levels.
You also visited: Labyrinth, Sewer, Bailey and Ice Cave.

You collected 2842 gold pieces.
You spent 1871 gold pieces at shops.

Inventory:

Hand Weapons
 a - a +4 giant spiked club (weapon)
 d - a +4 scimitar of flaming
 s - a +5 dire flail of holy wrath {god gift}
 w - a +6 blowgun
Missiles
 j - 2 silver javelins
 y - 11 curare-tipped needles
 C - 7 javelins of penetration
 M - 16 large rocks (quivered)
 U - 5 poisoned javelins
Armour
 c - a +2 hat (worn)
 i - a swamp dragon hide
 o - a +2 cloak of poison resistance (worn)
 X - a +2 robe of resistance (worn) {god gift}
Jewellery
 m - a +6 ring of protection (left claw)
 u - an amulet of regeneration (around neck)
 O - a ring of protection from magic (right claw)
 P - a cursed ring of protection from cold {unknown}
Wands
 e - a wand of lightning (9/15)
 g - a wand of paralysis (20/24)
 A - a wand of disintegration (11/24)
 G - a wand of confusion (14/48)
 N - a wand of digging (4/24)
 Q - a wand of iceblast (6/15)
 S - a wand of confusion (21/48)
 V - a wand of iceblast (9/15)
 Y - a wand of digging (0/24)
Scrolls
 h - 8 scrolls of teleportation
 l - 5 scrolls of remove curse
 n - 5 scrolls of blinking
 p - 5 scrolls of fear
 q - 8 scrolls of recharging
 x - 2 scrolls of fog
 K - 3 scrolls of magic mapping
 T - 16 scrolls of identify
Potions
 k - 6 potions of brilliance
 r - a potion of magic
 v - a potion of haste
 z - 9 potions of curing
 F - 2 potions of heal wounds
 I - 3 potions of flight
 L - a potion of invisibility
 W - 2 potions of cancellation
 Z - a potion of ambrosia
Books
 f - a manual of Stealth
Miscellaneous
 t - a box of beasts
 B - a lamp of fire
 E - a sack of spiders {used: 2}
Comestibles
 D - 10 slices of pizza
 H - 7 beef jerkies
 J - 32 fruits


   Skills:
 - Level 12.4 Fighting
 - Level 11.1 Maces & Flails
 - Level 7.4 Throwing
 - Level 13.1 Dodging
 + Level 5.7 Stealth
 - Level 4.0 Unarmed Combat
 - Level 10.0 Invocations
 - Level 5.7 Evocations


You had 5 spell levels left.
You knew the following spells:

 Your Spells              Type           Power        Failure   Level  Hunger
a - Apportation           Tloc           #.........   52%         1    ##.....
b - Shroud of Golubria    Chrm/Tloc      #.........   77%         2    ###....
c - Song of Slaying       Chrm           #.......     77%         2    ###....
d - Regeneration          Chrm/Necr      #.........   97%         3    ####...
e - Repel Missiles        Chrm/Air       #.....       77%         2    ###....


Dungeon Overview and Level Annotations

Branches:
Dungeon (15/15) Temple (1/1) D:7 Lair (8/8) D:9 Swamp (3/4) Lair:6 Snake (0/4) Lair:4 Slime (0/6) Lair:8 Orc (2/2) D:10 Vaults (0/5) D:13 D:14 Depths (0/5) D:15 Elf: Orc:2

Altars:
Ashenzari
Cheibriados
Dithmenos
Elyvilon
Fedhas
Gozag
Kikubaaqudgha
Makhleb
Nemelex Xobeh
Okawaru
Pakellas
Qazlal
Ru
Sif Muna
Trog
Vehumet
Xom
Yredelemnul
Zin
The Shining One
Beogh

Shops:
D:6 }}   D:10 [   D:15 }   Orc:2 ??}[

Annotations:
D:12 exclusion: downstairs
Swamp:3 Mara
Orc:2 Josephine, Saint Roka


Innate Abilities, Weirdness & Mutations

You are too large for most types of armour.
You have claws for hands.
Your metabolism is lightning-fast.
You like to eat raw meat.
You heal very quickly.
You are covered in fur (AC +1).
You have very tough skin (AC +2).


Message History

Mara is lightly wounded.
The vampire mosquito barely misses you.
Mara hits you with a demon whip of electrocution!!
You are electrocuted!
Read which item? (? for menu, Esc to quit)
As you read the scroll of teleportation, it crumbles to dust.
You feel strangely unstable. The vampire mosquito misses you.
The vampire mosquito closely misses you.
Chiseanne's illusion hits you!!
Mara hits you with a demon whip of electrocution!
* * * LOW HITPOINT WARNING * * *
The vampire mosquito misses you.
Mara blinks!
Mara hits you with a demon whip of electrocution.
* * * LOW HITPOINT WARNING * * *
The vampire mosquito misses you.
Mara blinks!
The blink frog closely misses you.
Mara hits you with a demon whip of electrocution!!
* * * LOW HITPOINT WARNING * * *
You are electrocuted!
You die...

♣§≈≈≈≈≈≈≈♣ ≈≈
♣♣♣♣ ♣♣.≈≈≈≈≈≈♣
.%.♣ ♣≈..≈≈≈≈♣ [
##.♣ ♣♣≈♣≈.≈.♣
≈≈ .#♣♣
♣≈w≈...♣♣ ≈≈♣ .#
♣..≈≈§≈.♣ ...≈
♣♣ ♣♣....≈≈♣
.≈≈≈≈
♣≈≈≈≈..F♣♣..≈≈≈≈
♣.?.yy@./.≈≈≈.
♣..≈≈@R≈♣♣≈≈§♣
♣≈≈≈.yRy≈♣ ♣
♣♣♣≈(≈.F♣.♣
♣≈≈≈≈≈..≈≈..
♣♣≈≈≈♣..♣♣♣..≈≈
♣♣.†≈≈..♣♣ ♣..≈.
♣♣♣♣≈.≈≈≈R♣♣
♣♣.♣
♣♣.♣.§≈...♣♣ ♣♣


You could see 3 Maras, a swamp worm, 2 blink frogs, 4 vampire mosquitoes and
Chiseanne's illusion.

Vanquished Creatures
  Kirke (Lair:6)
  The ghost of Rationalist the Fighter, a journeyman DsBe of Trog (Lair:5)
  An ettin (D:15)
  A minotaur (Lab)
  The ghost of braveplatypus the Basher, a journeyman OgWn of Pakellas (Lair:1)
  Snorg (Lair:6)
  An ogre mage (Orc:2)
  8 hydras
  3 centaur warriors
  3 alligators (Swamp:2)
  3 catoblepae (Lair:8)
  Urug (Lair:2)
  2 tengu warriors
  14 death yaks
  Sonja (Orc:2)
  Nergalle (D:11)
  A deep troll (D:15)
  2 unseen horrors
  6 skeletal warriors
  A swamp dragon (Swamp:3)
  A deep elf archer (D:15)
  The ghost of colpogo the Cudgeler, a novice GrFi of Okawaru (D:6)
  9 hill giants
  A shambling mangrove (Swamp:2)
  A wolf spider zombie (D:15)
  4 orc knights
  3 ugly things
  A griffon (Lair:7)
  11 orc sorcerers
  5 cyclopes
  A hornet (shapeshifter) (D:13)
  A manticore (D:15)
  6 black mambas
  Maurice (D:8)
  2 ice statues (IceCv)
  15 elephants
  Psyche (D:8)
  10 spiny frogs
  3 torpor snails
  A gargoyle (D:13)
  A kobold demonologist (D:12)
  An efreet (D:15)
  10 komodo dragons
  A tengu conjurer (D:15)
  Grinder (D:3)
  4 trolls
  20 blink frogs
  3 slime creatures (D:12)
  2 boulder beetles
  2 bog bodies (Swamp:3)
  2 vampires
  A spriggan (Swamp:2)
  3 wraiths
  88 yaks
  3 shadows
  14 humans (D:13)
  2 wyverns
  3 hogs
  4 hungry ghosts (Lab)
  7 hippogriffs
  6 vampire mosquitoes
  2 wargs (Orc:1)
  7 swamp worms
  2 mottled dragons (D:14)
  12 water moccasins
  14 porcupines
  16 ice beasts
  2 swamp drakes (Swamp:3)
  24 orc warriors
  A sky beast (D:9)
  13 ogres
  2 wasps
  3 phantoms
  3 necrophages
  14 centaurs
  11 crocodiles
  Blork the orc (D:4)
  5 big kobolds
  19 giant frogs
  A wyvern skeleton (D:10)
  3 scorpions
  2 howler monkeys (D:13)
  A killer bee (D:7)
  2 electric eels (Lair:6)
  2 centaur zombies
  4 crimson imps
  2 giant frog zombies
  5 jellies
  A quasit (D:11)
  11 hounds
  10 orc priests
  2 centaur skeletons
  39 orc wizards
  6 worker ants
  Natasha (D:4)
  12 iguanas
  27 sheep
  A killer bee zombie (D:9)
  2 hound skeletons
  A mummy (D:4)
  7 gnolls
  37 river rats
  15 adders
  9 shadow imps
  7 oozes
  An adder zombie (D:7)
  An adder skeleton (D:6)
  4 worms
  A dart slug (D:5)
  12 giant geckos
  81 orcs
  18 giant cockroaches
  6 goblins
  5 hobgoblins
  8 jackals
  3 quokkas
  15 ball pythons
  8 bats
  14 giant newts
  A hobgoblin zombie (D:4)
  12 kobolds
  A kobold zombie (D:4)
  2 orc zombies (D:4)
  A quokka zombie (D:7)
  9 rats
  A butterfly (Lair:1)
  13 fungi
  23 plants
910 creatures vanquished.

Vanquished Creatures (collateral kills)
  A hill giant (D:13)
  An orc knight (Bailey)
  2 humans (D:13)
  7 orc warriors (Bailey)
  A crocodile (shapeshifter) (D:13)
  4 orcs (Bailey)
16 creatures vanquished.

Vanquished Creatures (others)
  2 humans (Lair:6)
  An orc priest (D:15)
  An orc wizard (Orc:2)
  6 fungi
  4 plants
14 creatures vanquished.

Grand Total: 940 creatures vanquished

Notes
Turn   | Place    | Note
--------------------------------------------------------------
     0 | D:1      | Chiseanne the Troll Monk began the quest for the Orb.
     0 | D:1      | Reached XP level 1. HP: 22/22 MP: 0/0
   111 | D:1      | Reached XP level 2. HP: 29/29 MP: 1/1
   551 | D:2      | Found a sparkling altar of Nemelex Xobeh.
   712 | D:2      | Reached XP level 3. HP: 37/37 MP: 2/2
   931 | D:2      | Found a white marble altar of Elyvilon.
  1203 | D:3      | Noticed Grinder
  1223 | D:3      | Killed Grinder
  1223 | D:3      | Reached skill level 3 in Dodging
  1223 | D:3      | Reached XP level 4. HP: 29/48 MP: 3/3
  1223 | D:3      | Reached XP level 5. HP: 33/54 MP: 4/4
  1332 | D:3      | Reached XP level 6. HP: 62/62 MP: 5/5
  1510 | D:3      | Reached skill level 4 in Dodging
  1763 | D:4      | Noticed Blork the orc
  1768 | D:4      | Killed Blork the orc
  2047 | D:4      | Reached XP level 7. HP: 71/71 MP: 6/6
  2140 | D:4      | Found a shadowy altar of Dithmenos.
  2375 | D:4      | Noticed Natasha
  2380 | D:4      | Killed Natasha
  2523 | D:5      | Entered Level 5 of the Dungeon
  2530 | D:5      | Reached skill level 5 in Fighting
  2628 | D:5      | Reached skill level 5 in Dodging
  2674 | D:5      | Reached XP level 8. HP: 73/80 MP: 7/7
  2801 | D:5      | Found a sacrificial altar of Ru.
  2887 | D:5      | Found a glowing drain.
  2892 | Sewer    | Entered a sewer
  3183 | Sewer    | Reached skill level 5 in Throwing
  3387 | D:5      | Found a bloodstained altar of Trog.
  3754 | D:6      | Noticed colpogo's ghost (novice GrFi)
  3783 | D:6      | Killed colpogo's ghost
  3783 | D:6      | Reached skill level 6 in Dodging
  3783 | D:6      | Reached XP level 9. HP: 17/91 MP: 8/8
  3895 | D:6      | Found an oddly glowing altar of Pakellas.
  4027 | D:6      | Found Funuu's Gadget Emporium.
  4263 | D:6      | Found Tackeuc's Gadget Shop.
  4284 | D:6      | Bought a box of beasts for 260 gold pieces
  4656 | D:7      | Found a flagged portal.
  4665 | Bailey   | Entered a bailey
  4692 | Bailey   | Noticed an orc knight
  4731 | Bailey   | Killed an orc knight
  4731 | Bailey   | Reached skill level 7 in Dodging
  4822 | Bailey   | Noticed an orc knight
  4849 | Bailey   | Killed an orc knight
  4986 | D:7      | Reached XP level 10. HP: 100/102 MP: 9/9
  5120 | D:7      | Found a staircase to the Ecumenical Temple.
  5142 | Temple   | Entered the Ecumenical Temple
  5301 | Temple   | Became a worshipper of Warmaster Okawaru
  5301 | Temple   | Reached * piety under Okawaru
  5301 | Temple   | Reached ** piety under Okawaru
  5871 | D:7      | Found a glowing golden altar of the Shining One.
  5896 | D:8      | Noticed Psyche
  5900 | D:8      | Killed Psyche
  5900 | D:8      | Reached skill level 1 in Invocations
  6411 | D:8      | Noticed Maurice
  7108 | D:8      | Killed Maurice
  7180 | D:9      | Reached skill level 8 in Dodging
  7248 | D:9      | Identified the Almanac of Damaging Lightness (You found it on level 9 of the Dungeon)
  7255 | D:9      | Learned a level 2 spell: Repel Missiles
  7410 | D:9      | Found a staircase to the Lair.
  7471 | D:9      | Reached *** piety under Okawaru
  7632 | D:9      | Received a gift from Okawaru
  8002 | D:9      | Found a snail-covered altar of Cheibriados.
  8040 | D:9      | Identified the Compendium of Fetching Poisoning
  8262 | D:10     | Entered Level 10 of the Dungeon
  8262 | D:10     | Found a staircase to the Orcish Mines.
  8316 | D:10     | Found a radiant altar of Vehumet.
  8541 | D:10     | Found Naymakh's Armour Emporium.
  8571 | D:10     | Got an ancient robe
  8588 | D:10     | Identified the +2 robe of Impermeability {rN+} (You found it on level 10 of the Dungeon)
  8649 | D:10     | Noticed a hill giant
  8663 | D:10     | Reached XP level 11. HP: 108/113 MP: 13/13
  8677 | D:10     | Killed a hill giant
  8677 | D:10     | Received a gift from Okawaru
  9121 | D:11     | Reached skill level 9 in Dodging
  9122 | D:11     | Noticed a hill giant
  9126 | D:11     | Noticed Nergalle
  9132 | D:11     | Killed a hill giant
  9132 | D:11     | Reached skill level 5 in Invocations
  9137 | D:11     | Killed Nergalle
  9137 | D:11     | Reached **** piety under Okawaru
  9733 | D:11     | Learned a level 2 spell: Shroud of Golubria
  9736 | D:11     | Learned a level 2 spell: Song of Slaying
  9740 | D:11     | Learned a level 3 spell: Regeneration
  9769 | D:12     | Reached ***** piety under Okawaru
  9783 | D:12     | Received a gift from Okawaru
  9858 | D:12     | Noticed a brown ugly thing
  9865 | D:12     | Killed a brown ugly thing
  9865 | D:12     | Received a gift from Okawaru
  9928 | D:12     | Noticed a hill giant
  9938 | D:12     | Killed a hill giant
  9938 | D:12     | Reached skill level 10 in Dodging
  9941 | D:12     | Reached skill level 10 in Fighting
 10208 | D:12     | Noticed a skeletal warrior
 10209 | D:12     | Noticed a skeletal warrior
 10285 | Orc:1    | Entered Level 1 of the Orcish Mines
 10295 | Orc:1    | Received a gift from Okawaru
 10583 | D:6      | Bought a wand of digging (12/24) for 384 gold pieces
 11036 | Orc:2    | Entered Level 2 of the Orcish Mines
 11081 | Orc:1    | Reached XP level 12. HP: 122/126 MP: 15/15
 11116 | Orc:2    | Noticed Josephine
 11119 | Orc:2    | Paralysed by an orc sorcerer for 5 turns
 11305 | Orc:2    | Found a deep blue altar of Sif Muna.
 11345 | Orc:2    | Identified Sif Muna's Incunabulum of the Traveller
 11348 | Orc:2    | Learned a level 1 spell: Apportation
 11470 | Orc:2    | Upgraded the game from 0.18-b1-2-gd0c887e to 0.18-b1-10-g3f7de93
 11530 | Orc:2    | Paralysed by an orc sorcerer for 6 turns
 11588 | Orc:2    | Found Cofel's Magic Scroll Boutique.
 11601 | Orc:2    | Bought a scroll of torment for 82 gold pieces
 11601 | Orc:2    | Bought a scroll of enchant weapon for 82 gold pieces
 11601 | Orc:2    | Bought a scroll of blinking for 82 gold pieces
 11601 | Orc:2    | Bought a scroll of immolation for 38 gold pieces
 11601 | Orc:2    | Bought a scroll of identify for 22 gold pieces
 11601 | Orc:2    | Bought a scroll of identify for 22 gold pieces
 11601 | Orc:2    | Bought a scroll of fear for 38 gold pieces
 11601 | Orc:2    | Bought a scroll of teleportation for 33 gold pieces
 11631 | Orc:2    | Found an ancient bone altar of Kikubaaqudgha.
 11631 | Orc:2    | Noticed Sonja
 11651 | Orc:2    | Killed Sonja
 11672 | Orc:2    | Paralysed by an orc sorcerer for 5 turns
 11685 | Orc:2    | Reached skill level 11 in Dodging
 11798 | Orc:2    | Found a radiant altar of Vehumet.
 11798 | Orc:2    | Noticed an ogre mage
 11800 | Orc:2    | Paralysed by an orc sorcerer for 7 turns
 11809 | Orc:2    | Killed an ogre mage
 11917 | Orc:2    | Found a roughly hewn altar of Beogh.
 11917 | Orc:2    | Found Xafuann's Magic Scroll Shop.
 11977 | Orc:2    | Found Qegux Ysitt's Gadget Boutique.
 11988 | Orc:2    | Found Gijo's Antique Armour Boutique.
 12009 | Orc:2    | Bought a scroll of vulnerability for 127 gold pieces
 12009 | Orc:2    | Bought a scroll of identify for 34 gold pieces
 12009 | Orc:2    | Bought a scroll of identify for 34 gold pieces
 12009 | Orc:2    | Bought a scroll of identify for 34 gold pieces
 12009 | Orc:2    | Bought a scroll of immolation for 59 gold pieces
 12034 | Orc:2    | Bought a sack of spiders for 280 gold pieces
 12105 | Orc:2    | Noticed Saint Roka
 12929 | D:12     | Noticed a centaur warrior
 12938 | D:12     | Killed a centaur warrior
 12938 | D:12     | Reached XP level 13. HP: 107/139 MP: 14/16
 13061 | D:12     | Received a gift from Okawaru
 13209 | D:12     | Reached skill level 12 in Dodging
 13986 | D:13     | HP: 6/140 [seven-headed hydra (12)]
 13986 | D:13     | HP: 1/140 [seven-headed hydra (5)]
 14463 | D:14     | Found a gate to the Vaults.
 14491 | D:13     | Received a gift from Okawaru
 14494 | D:13     | Reached skill level 1 in Maces & Flails
 14588 | D:13     | Received a gift from Okawaru
 15370 | D:14     | Reached skill level 13 in Dodging
 15844 | D:15     | Entered Level 15 of the Dungeon
 16193 | D:15     | Found Qyogoen's Gadget Shoppe.
 16203 | D:15     | Bought a box of beasts for 260 gold pieces
 16307 | D:15     | Received a gift from Okawaru
 16314 | D:15     | Reached skill level 1 in Evocations
 16350 | D:15     | Reached skill level 5 in Maces & Flails
 16350 | D:15     | Reached XP level 14. HP: 106/150 MP: 17/17
 16512 | D:15     | Found a staircase to the Depths.
 17056 | Lair:1   | Entered Level 1 of the Lair of Beasts
 17081 | Lair:1   | Found a frozen archway.
 17093 | Lair:1   | Noticed braveplatypus's ghost (journeyman OgWn)
 17265 | Lair:1   | Killed braveplatypus's ghost
 17297 | IceCv    | Entered an ice cave
 17956 | Lair:1   | Received a gift from Okawaru
 18534 | Lair:2   | Noticed Urug
 18547 | Lair:2   | Killed Urug
 18905 | Lair:3   | Found a labyrinth entrance.
 18947 | Lab      | Entered a labyrinth
 19209 | Lab      | Found an exit through the horrors of the Abyss.
 20512 | Lair:4   | Received a gift from Okawaru
 20613 | Lair:4   | Found a staircase to the Snake Pit.
 21403 | Lair:5   | Noticed Rationalist's ghost (journeyman DsBe)
 21432 | Lair:5   | Killed Rationalist's ghost
 21783 | D:13     | Reached skill level 5 in Evocations
 22468 | Lair:5   | Reached XP level 15. HP: 158/158 MP: 20/20
 22709 | Lair:6   | Noticed Kirke
 22844 | Lair:6   | Killed Kirke
 23179 | Lair:6   | Noticed Snorg
 23188 | Lair:6   | Killed Snorg
 23510 | Lair:6   | Found a staircase to the Swamp.
 24161 | Lair:7   | Received a gift from Okawaru
 24575 | Lair:8   | Entered Level 8 of the Lair of Beasts
 24603 | Lair:8   | Reached skill level 10 in Invocations
 24729 | Lair:8   | Received a gift from Okawaru
 25102 | Lair:8   | Reached skill level 10 in Maces & Flails
 25165 | Lair:8   | Received a gift from Okawaru
 25421 | Lair:8   | Found a staircase to the Slime Pits.
 26211 | Swamp:1  | Entered Level 1 of the Swamp
 26436 | Swamp:3  | Reached skill level 5 in Stealth
 26440 | Swamp:3  | Received a gift from Okawaru
 26440 | Swamp:3  | Reached XP level 16. HP: 118/167 MP: 15/22
 26657 | Swamp:3  | Noticed Mara
 26663 | Swamp:3  | Noticed Chiseanne's illusion
 26670 | Swamp:3  | Slain by Mara (illusionary)

Skill      XL: |  1  2  3  4  5  6  7  8  9 10 11 12 13 14 15 |
---------------+----------------------------------------------+-----
Fighting       | 3 4 5 6 7 8 10 11 12 | 12.4
Throwing       | 2 3 4 5 7 |  7.4
Dodging        | 3 4 5 6 7 8 10 11 13 | 13.1
Invocations    | 4 5 6 8 10 | 10.0
Maces & Flails | 5 8 11 | 11.1
Evocations     | 1 5 |  5.7
Stealth        | 5 |  5.7
Unarmed Combat | |  4.0

Action                   |  1- 3 |  4- 6 |  7- 9 | 10-12 | 13-15 | 16-18 || total
-------------------------+-------+-------+-------+-------+-------+-------++-------
Melee: Unarmed           |    86 |    62 |   394 |   908 |   228 |       ||  1678
       Punch             |     1 |     1 |     5 |    21 |     9 |       ||    37
       Giant spiked club |       |       |     5 |   147 |  1193 |    32 ||  1377
       Hand axe          |       |       |       |       |     7 |       ||     7
       Dire flail        |       |       |       |       |       |     1 ||     1
Throw: Large rock        |     4 |     2 |    17 |   110 |   266 |     9 ||   408
       Stone             |       |       |     9 |    13 |       |       ||    22
       Tomahawk          |       |       |     3 |    35 |       |       ||    38
       Javelin           |       |       |       |    10 |       |       ||    10
Invok: Heroism           |       |       |       |    25 |    58 |     2 ||    85
       Finesse           |       |       |       |     2 |     7 |     1 ||    10
Evoke: Box of beasts     |       |       |    14 |       |       |       ||    14
       Wand              |       |       |       |     6 |    10 |       ||    16
       Sack of spiders   |       |       |       |       |     2 |       ||     2
  Use: Scroll            |     2 |       |    21 |     5 |    14 |     2 ||    44
       Potion            |       |       |     5 |     1 |     4 |       ||    10
 Stab: Sleeping          |       |       |     7 |     4 |     1 |       ||    12
       Paralysed         |       |       |     1 |       |       |       ||     1
       Distracted        |       |       |       |     1 |     2 |       ||     3
       Petrified         |       |       |       |       |     3 |       ||     3
  Eat: Chunk             |    16 |     8 |    28 |    74 |   144 |     1 ||   271
       Royal jelly       |       |       |       |       |     3 |       ||     3
Armor: Robe              |    33 |    17 |   162 |   341 |   789 |    12 ||  1354
       Skin              |       |       |    15 |       |       |       ||    15
Dodge: Dodged            |    47 |    28 |   302 |   815 |  2350 |    59 ||  3601
